 Dungeon Crawl Stone Soup version 0.22-a0-553-g9358b0b (webtiles) character file.

2134 pk666 the Thaumaturge (level 9, -3/45 HPs)
             Began as a Deep Elf Wizard on June 25, 2018.
             Was a Follower of Vehumet.
             Slain by a hog (5 damage)
             ... on level 6 of the Dungeon.
             The game lasted 00:20:35 (7550 turns).

pk666 the Thaumaturge (Deep Elf Wizard)             Turns: 7550, Time: 00:20:36

Health: -3/45      AC:  3    Str:  9    XL:     9   Next: 9%
Magic:  22/25      EV: 13    Int: 36    God:    Vehumet [*.....]
Gold:   306        SH:  0    Dex: 13    Spells: 19/28 levels left

rFire    . . .     SeeInvis .   s - +0 dagger
rCold    . . .     Gourm    .   (no shield)
rNeg     . . .     Faith    .   a - +0 robe
rPois    .         Spirit   .   b - +1 hat
rElec    .         Reflect  .   (no cloak)
rCorr    .         Harm     .   (no gloves)
MR       .....                  (no boots)
Stlth    ++........             (no amulet)
HPRegen  0.15/turn              f - +4 ring of intelligence
MPRegen  0.19/turn              i - +5 ring of intelligence

@: mighty, about to teleport, hasted, very quick
A: no striking features
a: Renounce Religion


You were on level 6 of the Dungeon.
You worshipped Vehumet.
Vehumet was aware of your devotion.
You were very hungry.

You visited 2 branches of the dungeon, and saw 8 of its levels.
You also visited: Ossuary.

You collected 306 gold pieces.

Inventory:

Hand Weapons
 s - a +0 dagger (weapon)
Armour
 a - a +0 robe (worn)
 b - a +1 hat (worn)
Jewellery
 f - a +4 ring of intelligence (left hand)
 i - a +5 ring of intelligence (right hand)
 k - an uncursed ring of poison resistance {unknown}
 w - a +4 ring of strength {unknown}
 A - an uncursed ring of flight {unknown}
Wands
 C - a wand of digging (16)
 E - a wand of flame (20)
Scrolls
 c - 9 scrolls of identify
 e - 7 scrolls of remove curse
 g - a scroll of enchant weapon {unknown}
 h - 3 scrolls of teleportation
 t - 2 scrolls of magic mapping
 u - a scroll of vulnerability {unknown}
 x - a scroll of immolation {unknown}
 y - a scroll of brand weapon {unknown}
 z - a scroll of random uselessness {unknown}
 B - a scroll of blinking {unknown}
 D - a scroll of fear {unknown}
 F - a scroll of enchant armour
Potions
 j - 2 potions of mutation {unknown}
 l - a potion of agility {unknown}
 m - a potion of flight {unknown}
 n - 3 potions of haste
 o - 2 potions of heal wounds {unknown}
 p - 5 potions of curing
 q - a potion of berserk rage {unknown}
 r - a potion of lignification {unknown}
 v - 2 potions of might
Comestibles
 d - 8 rations


   Skills:
 - Level 2.4 Dodging
 - Level 2.4 Stealth
 + Level 10.3 Spellcasting
 + Level 7.9 Conjurations
   Level 1.1 Summonings
 - Level 1.1 Translocations
 + Level 6.9 Fire Magic


You had 19 spell levels left.
You knew the following spells:

 Your Spells              Type           Power        Failure   Level  Hunger
a - Magic Dart            Conj           ####         1%          1    None
b - Blink                 Tloc           N/A          2%          2    None
c - Conjure Flame         Conj/Fire      ######..     1%          3    None
d - Mephitic Cloud        Conj/Pois/Air  #####...     2%          3    None

Your spell library contained the following spells:

 Spells                   Type           Power        Failure   Level  Hunger
 Slow                     Hex            ###.....     3%          2    None
 Call Imp                 Summ           ####....     2%          2    None


Dungeon Overview and Level Annotations

Branches:
Dungeon (7/15)             Temple (1/1) D:5

Altars:
Ashenzari
Cheibriados
Dithmenos
Elyvilon
Fedhas
Gozag
Hepliaklqana
Kikubaaqudgha
Makhleb
Nemelex Xobeh
Okawaru
Qazlal
Ru
Sif Muna
Trog
Uskayaw
Vehumet
Wu Jian
Xom
Yredelemnul
Zin
The Shining One


Message History

Press: ? - help, Shift-Dir - straight line, f - hog
Aim: a hog (lightly wounded)
The magic dart hits the hog.
The hog is moderately wounded.
The hog bites you!
* * * LOW HITPOINT WARNING * * *
As you read the scroll of teleportation, it crumbles to dust.
You feel strangely unstable. The hog bites you!
* * * LOW HITPOINT WARNING * * *
It was a potion of curing.
You feel better. The hog bites you.
* * * LOW HITPOINT WARNING * * *
The hog bites you.
* * * LOW HITPOINT WARNING * * *
Unknown command.
It was a potion of haste.
You feel yourself speed up. The hog completely misses you.
It was a potion of might.
You feel very mighty all of a sudden. The hog bites you.
You die...

### ##.# ### ##.#
##.## ##)## ##.##
##.## ##...####.##
##.## # ##.###.##.##
#..# ## ##.## ##..##
##.####. ##(## ##..##
##.<# #.# ##(##
##h...## #...###.#
##<##
#@###..###....##..
#(.# ###
##..####...##. #..#
#..# ##..### #..##
#..# ##.# ###[##
#..######.# ##.######
#.........#
##.##..####.....#...#
##.....##......###.###
##........###.........


You could see a hog.

Vanquished Creatures
  Pikel (D:4)
  A human (D:7)
  A hog (D:7)
  2 ogres
  2 centaurs
  3 bullfrogs
  2 scorpions
  A water moccasin skeleton (D:6)
  A howler monkey (D:5)
  2 crimson imps
  3 centaur zombies (Ossuary)
  A jelly (D:5)
  2 orc priests (D:5)
  A bullfrog skeleton (D:5)
  A hound (D:4)
  An orc wizard (D:7)
  An iguana (D:5)
  Natasha (thrice) (D:2)
  2 worker ants
  A big kobold zombie (Ossuary)
  5 mummies
  A hound zombie (D:5)
  A worker ant zombie (D:5)
  Robin (D:3)
  3 gnolls (D:4)
  6 adders
  2 shadow imps
  2 adder zombies
  2 worms
  4 leopard geckos
  18 orcs
  5 bats
  2 giant cockroaches
  13 hobgoblins
  4 jackals (D:1)
  3 quokkas
  3 frilled lizards
  10 goblins
  4 hobgoblin zombies (Ossuary)
  2 jackal zombies
  4 kobolds
  2 leopard gecko skeletons
  A leopard gecko zombie (D:7)
  5 rats
135 creatures vanquished.

Notes
Turn   | Place    | Note
-------+----------+-------------------------------------------
     0 | D:1      | pk666 the Deep Elf Wizard began the quest for the Orb.
     0 | D:1      | Reached XP level 1. HP: 10/10 MP: 7/7
   342 | D:1      | Reached XP level 2. HP: 15/15 MP: 6/9
   489 | D:1      | Reached skill level 5 in Spellcasting
   829 | D:2      | Reached XP level 3. HP: 19/19 MP: 6/11
  1130 | D:2      | Noticed Natasha
  1135 | D:2      | Killed Natasha
  1292 | D:2      | Noticed Natasha
  1294 | D:2      | Killed Natasha
  1294 | D:2      | Reached XP level 4. HP: 24/24 MP: 10/13
  1307 | D:2      | Learned a level 2 spell: Blink
  1311 | D:2      | Learned a level 3 spell: Conjure Flame
  1315 | D:2      | Learned a level 3 spell: Mephitic Cloud
  1473 | D:2      | Noticed Natasha
  1479 | D:2      | Killed Natasha
  1479 | D:2      | Reached skill level 6 in Spellcasting
  1729 | D:3      | Reached skill level 1 in Fire Magic
  1729 | D:3      | Noticed Robin
  1880 | D:3      | Reached XP level 5. HP: 28/28 MP: 11/15
  1991 | D:3      | Found a sparkling altar of Nemelex Xobeh.
  2255 | D:3      | Killed Robin
  2747 | D:3      | Identified the cursed -1 helmet of Failure {rElec rF- rN+++ Dex-5} (You took it off Robin on level 3 of the Dungeon)
  3078 | D:4      | Reached XP level 6. HP: 32/32 MP: 9/17
  3167 | D:4      | Noticed a slave
  3168 | D:4      | Noticed a slave
  3168 | D:4      | Noticed a slave
  3168 | D:4      | Noticed Pikel
  3171 | D:4      | Noticed a slave
  3430 | D:4      | Killed Pikel
  3430 | D:4      | Reached skill level 7 in Spellcasting
  3430 | D:4      | Reached skill level 5 in Conjurations
  3430 | D:4      | Reached XP level 7. HP: 36/36 MP: 4/20
  3767 | D:4      | Found a deep blue altar of Sif Muna.
  3774 | D:4      | Found a glowing silver altar of Zin.
  3778 | D:4      | Found a shadowy altar of Dithmenos.
  3814 | D:5      | Entered Level 5 of the Dungeon
  4008 | D:5      | Reached skill level 8 in Spellcasting
  4337 | D:5      | Found a staircase to the Ecumenical Temple.
  4346 | Temple   | Entered the Ecumenical Temple
  4512 | Temple   | Became a worshipper of Vehumet
  4755 | D:5      | Reached XP level 8. HP: 41/41 MP: 10/22
  4812 | D:5      | Reached skill level 5 in Fire Magic
  5322 | D:6      | Reached skill level 9 in Spellcasting
  6170 | D:7      | Found a sand-covered staircase.
  6245 | Ossuary  | Entered an ossuary
  6287 | Ossuary  | Reached * piety under Vehumet
  6287 | Ossuary  | Offered knowledge of Sandblast by Vehumet.
  6956 | D:7      | Reached skill level 10 in Spellcasting
  7206 | D:7      | Reached XP level 9. HP: 44/45 MP: 14/25
  7548 | D:6      | HP: 2/45 [hog (6)]
  7550 | D:6      | Slain by a hog

Vault maps used:
D:1:      zelgadis_glass_arrival_large, corexii_item_surrounded_by_moat,
          st_stairs_14
D:2:      uniq_natasha
D:3:      nemelex_xobeh_ov_fountains_minmay, uniq_robin
D:4:      minmay_overflow_temple_star_quad, first_ration, uniq_pikel
D:5:      minmay_temple_entry_grid
D:7:      gup_ossuary_entry_pyramid, grunt_livestock
Temple:   dpeg_five_rooms_temple
Ossuary:  ossuary_the_hunt_dpeg

Skill      XL: |  1  2  3  4  5  6  7  8 |
---------------+-------------------------+-----
Conjurations   | 2 3 4 5 6 7 |  7.9
Spellcasting   | 5 6 7 8 10 | 10.3
Fire Magic     | 1 2 4 6 |  6.9
Dodging        | |  2.4
Stealth        | |  2.4
Summonings     | |  1.1
Translocations | |  1.1

Action                   |  1- 3 |  4- 6 |  7- 9 || total
-------------------------+-------+-------+-------++-------
Melee: Dagger            |       |     1 |    31 ||    32
 Cast: Magic Dart        |    53 |   137 |   234 ||   424
       Conjure Flame     |       |     9 |    17 ||    26
       Mephitic Cloud    |       |     6 |     9 ||    15
  Use: Scroll            |       |     5 |     2 ||     7
       Potion            |       |       |     3 ||     3
 Stab: Confused          |       |       |     1 ||     1
  Eat: Chunk             |       |     7 |     8 ||    15
       Ration            |       |       |     1 ||     1
Armor: Robe              |       |       |     5 ||     5
Dodge: Dodged            |     1 |     5 |    55 ||    61

Table legend:
 A = Spawn XP
 B = Non-spawn XP
 C = Spawn XP percentage of total XP
 D = Spawn monster count
 E = Non-spawn monster count
 F = Spawn count percentage of total count
 G = Total turns spent on level
                    A         B        C        D         E        F      G
               +---------+---------+-------+---------+---------+-------+---------
         Total |       0 |    3049 |   0.0 |       0 |     134 |   0.0 |  7550
               +---------+---------+-------+---------+---------+-------+---------
           D:1 |       0 |      29 |   0.0 |       0 |      17 |   0.0 |   786
           D:2 |       0 |     140 |   0.0 |       0 |      16 |   0.0 |  1142
           D:3 |       0 |      82 |   0.0 |       0 |      27 |   0.0 |   983
           D:4 |       0 |     711 |   0.0 |       0 |      11 |   0.0 |  1209
           D:5 |       0 |     626 |   0.0 |       0 |      29 |   0.0 |   856
           D:6 |       0 |     535 |   0.0 |       0 |       9 |   0.0 |   940
           D:7 |       0 |     707 |   0.0 |       0 |      14 |   0.0 |   805
       Ossuary |       0 |     219 |   0.0 |       0 |      11 |   0.0 |   581
               +---------+---------+-------+---------+---------+-------+---------
